 Dungeon Crawl Stone Soup version 0.31.0-11-ge490571c62 (webtiles) character file.

Game seed: 9310491190428406803

172 Ekaitz the Apothecary (level 5, 0/33 HPs)
             Began as an Octopode Alchemist on Feb 2, 2024.
             Slain by a goblin
             ... wielding a +0 club
              (2 damage)
             ... on level 3 of the Dungeon.
             The game lasted 00:04:59 (1968 turns).

Ekaitz the Apothecary (Octopode Alchemist)          Turns: 1968, Time: 00:05:00

Health: 0/33       AC:  1    Str:  7    XL:     5   Next: 53%
Magic:  1/9        EV: 13    Int: 18    God:
Gold:   34         SH:  0    Dex: 14    Spells: 3/9 levels left

rFire   . . .        f - +3 dagger (drain)
rCold   . . .        (no shield)
rNeg    . . .        (helmet restricted)
rPois   .            (no amulet)
rElec   .            (no ring)
rCorr   .            (no ring)
SInv    .            (no ring)
Will    .....        (no ring)
Stlth   +++          (no ring)
HPRegen 0.25/turn    (no ring)
MPRegen 0.11/turn    (no ring)
                     (no ring)

%: no passive effects
@: no status effects
A: almost no armour, amphibious, 8 rings, camouflage 1, gelatinous body 1,
(nimble swimmer 1), tentacles
a: no special abilities


You were on level 3 of the Dungeon.
You visited 1 branch of the dungeon, and saw 3 of its levels.

You collected 139 gold pieces.
You spent 105 gold pieces at shops.

Inventory:

Hand Weapons
 f - a +3 dagger of draining (weapon)
Magical Staves
 b - a staff of fire
Talismans
 c - a storm talisman
Wands
 q - a wand of mindburst (12)
Scrolls
 d - a scroll of brand weapon {unknown}
 g - a scroll of blinking {unknown}
 i - a scroll of vulnerability {unknown}
 j - 2 scrolls of identify {unknown}
 k - 2 scrolls of fog {unknown}
 l - 2 scrolls of teleportation {unknown}
 n - a scroll of immolation {unknown}
 o - 2 scrolls of revelation {unknown}
Potions
 a - a potion of magic
 e - 2 potions of curing {unknown}
 h - a potion of experience {unknown}
 m - 2 potions of attraction {unknown}
 p - a potion of heal wounds {unknown}
 r - a potion of might {unknown}
 s - a potion of cancellation {unknown}
 t - a potion of haste {unknown}


   Skills:
 * Level 1.4 Fighting
 + Level 0.4 Short Blades
 * Level 2.5 Dodging
 + Level 3.6 Stealth
 + Level 2.6 Spellcasting
 * Level 1.4 Conjurations
 * Level 1.4 Air Magic
 * Level 4.3 Alchemy
 * Level 0.8 Evocations


You had 3 spell levels left.
You knew the following spells:

 Your Spells              Type           Power      Damage    Failure   Level
a - Sting                 Conj/Alch      48%        1d6       5%          1
b - Mercury Vapours       Alch/Air       24%        N/A       8%          2
c - Mephitic Cloud        Conj/Alch/Air  11%        N/A       19%         3

Your spell library contained the following spells:

 Spells                   Type           Power      Damage    Failure   Level
 Lesser Beckoning         Tloc           4%         N/A       26%         2
 Gell's Gravitas          Tloc           2%         N/A       45%         3
 Teleport Other           Tloc           2%         N/A       45%         3
 Olgreb's Toxic Radiance  Alch           18%        N/A       28%         4
 Sticky Flame             Fire/Alch      10%        2d5       56%         4
 Alistair's Intoxication  Alch           12%        N/A       61%         5
 Borgnjor's Vile Clutch   Necr/Erth      1%         N/A       99%         5
 Eringya's Noxious Bog    Alch           9%         4d6       99%         6


Dungeon Overview and Level Annotations

Branches:
Dungeon (3/15)

Altars:
Dithmenos
Uskayaw

Shops:
D:2 *


Innate Abilities, Weirdness & Mutations

You cannot wear most types of armour.
You are amphibious.
You can wear up to eight rings at the same time.
Your skin changes colour to match your surroundings (Stealth+).
Your rubbery body absorbs attacks. (AC +1, EV +1)
((You are camouflaged when in or above water. (Stealth+)))
You have tentacles for arms and can constrict up to eight enemies at once.


Message History

Aiming: Mercury Vapours (safe; 8% risk of failure)
Press: ? - help, Dir - move target, f - orc, p - orc wizard
Aim: an orc, wielding a +0 club (chance to weaken: 100%) Fumes of mercury billow around the orc!
The orc is poisoned.
The orc looks weaker.
You constrict the orc wizard. The orc hits you with a +0 flail.
The orc wizard barely misses you.
Unknown command.
You hit the orc wizard but do no damage.
You drain the orc wizard.
The orc wizard is almost dead.
You constrict the orc wizard.
You kill the orc wizard!
The orc misses you.
Unknown command.
You hit the orc. You grab the orc. You squeeze the orc.
You kill the orc!
Your attacks no longer feel as feeble.
The orc barely misses you.
Unknown command.
You closely miss the orc. Your grab misses the orc.
You squeeze the orc, but do no damage.
A quokka comes into view.
The orc hits you with a +0 flail!
* * * LOW HITPOINT WARNING * * *
The goblin closely misses you.
Unknown command.
You barely miss the orc. Your grab misses the orc. You squeeze the orc.
The orc is heavily wounded.
The orc barely misses you. The goblin hits you with a +0 club.
* * * LOW HITPOINT WARNING * * *
Unknown command.
Casting: Mercury Vapours (safe; 8% risk of failure)
Confirm with . or Enter, or press ? or * to list all spells.
Aiming: Mercury Vapours (safe; 8% risk of failure)
Press: ? - help, Dir - move target, f - orc
Aim: an orc, wielding a +0 flail (heavily wounded, chance to weaken: 100%) Fumes of mercury billow around the orc!
The orc is poisoned.
The orc looks weaker.
The goblin looks weaker.
The orc completely misses you. The goblin hits you with a +0 club.
You die...

...##. .# #
.....#..#.#. #.##..
....#..._. .....
...#.##.###..#
............#.#
#####..?!....<.$..#
......#.#...#######
......go...##
#.#@.### ###....#.#
##...#.)..+
...>..r....+
.###.......+
#.##....# #. ##..##
# ##..# .
#..########


You could see an orc (very poisoned, weak), a quokka and a goblin (weak).

Vanquished Creatures
  A bombardier beetle (D:3)
  2 orc wizards
  2 adders
  2 dart slugs (D:2)
  A ribbon worm (D:2)
  2 orcs (D:3)
  6 bats
  3 endoplasms
  3 giant cockroaches (D:1)
  9 hobgoblins
  6 jackals
  4 quokkas
  4 ball pythons (D:1)
  5 frilled lizards
  7 goblins
  A kobold (D:2)
  3 rats
61 creatures vanquished.

Notes
Turn   | Place    | Note
-------+----------+-------------------------------------------
     0 | D:1      | Ekaitz the Octopode Alchemist began the quest for the Orb.
     0 | D:1      | Reached XP level 1. HP: 11/11 MP: 3/3
   137 | D:1      | Reached XP level 2. HP: 16/18 MP: 1/5
   140 | D:1      | Learned a level 2 spell: Mercury Vapours
   495 | D:1      | Reached XP level 3. HP: 19/22 MP: 0/6
   499 | D:1      | Learned a level 3 spell: Mephitic Cloud
   635 | D:1      | You fall into a shaft and drop 1 floor!
   652 | D:2      | Reached skill level 4 in Alchemy
   699 | D:1      | Reached skill level 1 in Fighting
  1009 | D:2      | Found a hide-covered altar of Uskayaw.
  1166 | D:2      | Reached XP level 4. HP: 19/28 MP: 2/7
  1420 | D:2      | Found Vuerr's Assorted Antiques.
  1428 | D:2      | Bought a scroll labelled ZALLOR JORPH for 21 gold pieces
  1629 | D:2      | Bought a tapered brass wand for 84 gold pieces
  1659 | D:3      | Found a shadowy altar of Dithmenos.
  1680 | D:2      | Reached skill level 1 in Air Magic
  1855 | D:3      | Reached XP level 5. HP: 23/33 MP: 5/8
  1968 | D:3      | Slain by a goblin

Illustrated notes

Levels and vault maps discovered:
D:1:      minmay_arrival_cross, layout_basic
D:2:      layout_rooms, serial_shops, nicolae_shop_overgrown_old_shop,
          basic_altar, roderic_roman_lattice,
          nicolae_concentric_dashed_squares_wild, chequers_serial_rivers_large_a
D:3:      cheibrodos_fertilizer, layout_basic, amcnicky_altar_gilded,
          lemuel_crystal_altar, nicolae_hepliaklqana_hippocampus,
          minmay_checkerbox

Skill      XL: |  1  2  3  4 |
---------------+-------------+-----
Alchemy        | 4 |  4.3
Fighting       | 1 |  1.4
Stealth        | 3 |  3.6
Air Magic      | 1 |  1.4
Short Blades   | |  0.4
Dodging        | |  2.5
Spellcasting   | |  2.6
Conjurations   | |  1.4
Evocations     | |  0.8

Action                     |  1- 3 |  4- 6 || total
---------------------------+-------+-------++-------
  Melee: Unarmed           |    17 |       ||    17
         Constrict         |    12 |     5 ||    17
         Tentacles         |     8 |     8 ||    16
         Dagger            |    30 |    36 ||    66
         Punch             |       |     1 ||     1
   Cast: Sting             |    41 |    14 ||    55
         Mercury Vapours   |     2 |     3 ||     5
   Stab: Sleeping          |     6 |     6 ||    12
 Armour: Skin              |    24 |    23 ||    47
  Dodge: Dodged            |    35 |    27 ||    62
